 Dungeon Crawl Stone Soup version 0.32-a0-685-g93135e86f0 (webtiles) character file.

Game seed: 2073605146117714618

478 Khashishi the Trooper (level 6, -2/52 HPs)
             Began as a Mummy Monk on Mar 12, 2024.
             Slain by a gnoll
             ... wielding a +0 whip
             ... led by a gnoll sergeant
              (4 damage)
             ... on level 4 of the Dungeon.
             The game lasted 00:16:43 (3370 turns).

Khashishi the Trooper (Mummy Monk)                  Turns: 3370, Time: 00:16:44

Health: -2/52      AC: 13    Str: 16    XL:     6   Next: 85%
Magic:  6/6        EV:  5    Int: 10    God:
Gold:   114        SH:  0    Dex: 14    Spells: 5/5 levels left

rFire   x . .        d - +0 short sword (venom)
rCold   + . .        c - orb {light}
rNeg    + + +        b - +0 plate armour
rPois   ∞            (no helmet)
rElec   .            (no cloak)
rCorr   .            l - +0 pair of gloves
SInv    .            n - +0 pair of boots
Will    .....        (no amulet) Stlth
                     (no ring)
HPRegen 0.28/turn    (no ring)
MPRegen 0.10/turn

%: faith
@: glowing
A: cold resistance 1, negative energy resistance 3, torment resistance 2, heat
vulnerability 1, in touch with death 1, no potions, faith
a: no special abilities


You were on level 4 of the Dungeon.
You visited 1 branch of the dungeon, and saw 5 of its levels.
You also visited: Sewer.

You collected 114 gold pieces.

Inventory:

Hand Weapons
 a - a +0 spear
 d - a +0 short sword of venom (weapon)
Missiles
 o - 15 poisoned darts (quivered)
Armour
 b - a +0 plate armour (worn)
 c - an orb of light (worn)
 l - a +0 pair of gloves (worn)
 m - the +2 robe of Gyejihi {Str+4}
   (You found it on level 2 of the Dungeon)

   Str+4:     It affects your strength (+4).
 n - a +0 pair of boots (worn)
Magical Staves
 j - a staff of fire
Wands
 p - a wand of roots (6)
Scrolls
 e - a scroll of revelation
 f - a scroll of teleportation
 g - 3 scrolls of vulnerability
 h - a scroll of noise {unknown}
 i - a scroll of enchant weapon
 k - 2 scrolls of immolation
 q - a scroll of blinking {unknown}


   Skills:
 + Level 5.6 Fighting
 - Level 2.4 Polearms
 + Level 3.4 Armour
 - Level 3.0 Dodging
 + Level 1.4 Evocations


You had 5 spell levels left.
You didn't know any spells.
Your spell library was empty.

Dungeon Overview and Level Annotations

Branches:
Dungeon (5/15)              Sewer (visited)
 Temple: D:4-7

Altars:

Shops:
D:1 (   D:3 [   D:4 :


Innate Abilities, Weirdness & Mutations

You are immune to poison.
Your flesh is cold resistant. (rC+)
You are immune to negative energy. (rN+++)
You are immune to unholy pain and torment.
You are vulnerable to heat. (rF-)
You are in touch with the powers of death.
You do not drink.
You have a special connection with the divine. (Faith)


Message History

The gnoll sergeant hits you with a +0 trident!
You hit the gnoll sergeant but do no damage.
The gnoll sergeant is lightly wounded.
The gnoll hits you with a +0 halberd. The gnoll barely misses you.
The gnoll sergeant hits you with a +0 trident!
You hit the gnoll but do no damage.
The gnoll is poisoned.
The gnoll barely misses you. The gnoll hits you but does no damage.
The gnoll sergeant hits you with a +0 trident.
You hit the gnoll.
The gnoll looks as sick as possible!
The gnoll is lightly wounded.
The gnoll hits you but does no damage. x2
The gnoll sergeant hits you with a +0 trident.
You hit the gnoll.
The gnoll looks as sick as possible!
The gnoll is severely wounded.
You kill the gnoll!
The gnoll sergeant looks more healthy.
The gnoll barely misses you.
The gnoll sergeant hits you with a +0 trident.
You hit the gnoll sergeant but do no damage.
The gnoll sergeant is poisoned.
The gnoll hits you with a +0 whip. The gnoll sergeant barely misses you.
You hit the gnoll sergeant but do no damage.
The gnoll sergeant looks as sick as possible!
The gnoll sergeant is lightly wounded.
The gnoll completely misses you.
The gnoll sergeant hits you with a +0 trident.
* * * LOW HITPOINT WARNING * * *
You hit the gnoll sergeant but do no damage.
The gnoll sergeant is lightly wounded.
The gnoll hits you with a +0 whip.
* * * LOW HITPOINT WARNING * * *
The gnoll sergeant hits you with a +0 trident!
* * * LOW HITPOINT WARNING * * *
You can't drink.
Okay, then.
Unknown command.
You hit the gnoll sergeant.
The gnoll sergeant looks as sick as possible!
The gnoll sergeant is moderately wounded.
The gnoll hits you with a +0 whip.
You die...

########## #.......!# #........#
### #........# #.######
###.###.#####......## #########
###'###.##.<#.......# ##........
..#.........#.......# #.........
..#.........#.......# #.........
.###'####...##.)@########........
.###.####...##.gg####..##........
.........<.............##'#######
.......................##..######
............##...########...#...#
............##...####..##...'...#
............+...............#...#
######.###..##.........##..##..##
#.####.###..##.....##..##..##..##


You could see a gnoll sergeant (extremely poisoned) and a gnoll.

Vanquished Creatures
  An orc warrior (D:4)
  A black bear (D:3)
  2 hounds (D:4)
  9 adders
  2 gnolls
  2 river rats (D:3)
  4 dart slugs
  8 orcs
  5 bats
  11 endoplasms
  6 giant cockroaches
  6 hobgoblins
  4 quokkas
  17 ball pythons
  4 frilled lizards
  5 goblins
  11 kobolds
  10 rats
108 creatures vanquished.

Notes
Turn   | Place    | Note
-------+----------+-------------------------------------------
     0 | D:1      | Khashishi the Mummy Monk began the quest for the Orb.
     0 | D:1      | Reached XP level 1. HP: 18/18 MP: 1/1
   147 | D:1      | Found Movecom's Weapon Shop.
   307 | D:1      | Reached XP level 2. HP: 20/24 MP: 2/2
   439 | D:1      | Reached skill level 1 in Armour
   919 | D:2      | Reached XP level 3. HP: 29/30 MP: 3/3
  1253 | D:2      | Identified the +2 robe of Gyejihi {Str+4}
  1424 | D:2      | Reached skill level 4 in Fighting
  1577 | D:3      | Reached XP level 4. HP: 35/37 MP: 4/4
  1655 | D:3      | Noticed a black bear
  1670 | D:3      | Killed a black bear
  1671 | D:3      | Reached XP level 5. HP: 34/43 MP: 5/5
  1750 | D:3      | Found a glowing drain.
  1765 | Sewer    | Entered a sewer
  1965 | Sewer    | Reached skill level 5 in Fighting
  2190 | D:3      | Reached XP level 6. HP: 44/51 MP: 6/6
  2305 | D:3      | Found Ywianyj's Armour Shoppe.
  2944 | D:4      | Noticed an orc warrior
  2963 | D:4      | Killed an orc warrior
  2964 | D:4      | Reached skill level 1 in Evocations
  3275 | D:4      | Found Zoniw's Book Shoppe.
  3359 | D:5      | Entered Level 5 of the Dungeon
  3369 | D:4      | HP: 2/52 [gnoll sergeant/+0 trident (11)]
  3370 | D:4      | Slain by a gnoll

Illustrated notes

Levels and vault maps discovered:
D:1:      giann_wishing_wells, layout_basic, serial_shops,
          nicolae_shop_bloodbath_and_beyond
D:2:      layout_loops_ring
D:3:      layout_rooms, serial_bayou, serial_bayou_pond_d, serial_bayou_shore_b,
          serial_bayou_pond_b, serial_bayou_ford_a, gup_sewer_entry_spiral,
          serial_shops, shop
D:4:      layout_gridville, serial_shops, nicolae_shop_statue_plus,
          kennysheep_generic_room_12
D:5:      layout_basic, temple_fountains, gammafunk_ghost_arena, uniq_menkaure,
          uniq_pikel

Skill      XL: |  1  2  3  4  5  6 |
---------------+-------------------+-----
Armour         | 1 2 3 |  3.4
Fighting       | 4 5 |  5.6
Dodging        | 3 |  3.0
Evocations     | 1 |  1.4
Polearms       | |  2.4

Action                     |  1- 3 |  4- 6 || total
---------------------------+-------+-------++-------
  Melee: Short sword       |   117 |   201 ||   318
         Spear             |       |     2 ||     2
  Evoke: Wand              |       |     3 ||     3
    Use: Scroll            |       |     6 ||     6
 Armour: Plate armour      |   104 |   191 ||   295
  Dodge: Dodged            |    18 |    35 ||    53

Table legend: (Time is in decaauts)
 A = Elapsed time spent in this place.
 B = Non-inter-level travel time spent in this place.
 C = Inter-level travel time spent in this place.
 D = Time resting spent in this place.
 E = Time spent auto-exploring this place.
 F = Levels seen in this place.
 G = Mean time per level.
                   A        B        C        D        E       F      G
               +--------+--------+--------+--------+--------+-----+--------+
         Total |   3488 |   3356 |    132 |     53 |   1873 |   6 |  581.3 |
       Dungeon |   3099 |   2967 |    132 |     25 |   1829 |   5 |  619.8 |
         Sewer |    388 |    388 |      0 |     28 |     44 |   1 |  388.0 |
               +--------+--------+--------+--------+--------+-----+--------+

Top non-repeatable levels by time:
     D:1: 901 daAuts
     D:3: 804 daAuts
     D:4: 727 daAuts
     D:2: 664 daAuts
   Sewer: 388 daAuts
     D:5: 1 daAuts
